 Dungeon Sprint DCSS version 0.25.1-2-g60ff931df9 (webtiles) character file.

Game seed: 16797338533637168851

35 Cadaver the Firebug (level 3, -1/24 HPs)
             Began as a Human Fire Elementalist on Nov 6, 2020.
             Was a Priest of Vehumet.
             Slain by an ogre
             ... wielding a +0 giant club
              (16 damage)
             ... in the Dungeon (Sprint VII: "The Pits").
             The game lasted 00:03:32 (425 turns).

Cadaver the Firebug (Human Fire Elementalist)        Turns: 425, Time: 00:03:32

Health: -1/24      AC:  2    Str:  8    XL:     3   Next: 52%
Magic:  4/7        EV: 13    Int: 16    God:    Vehumet [***...]
Gold:   0          SH:  0    Dex: 13    Spells: 6/8 levels left

rFire    . . .     SeeInvis .   q - staff of energy
rCold    . . .     Gourm    .   (no shield)
rNeg     . . .     Faith    .   a - +0 robe
rPois    .         Spirit   .   (no helmet)
rElec    .         Reflect  .   (no cloak)
rCorr    .         Harm     .   (no gloves)
MR       .....     NoTele   +   (no boots)
Stlth    ++........             (no amulet)
HPRegen  0.08/turn              (no ring)
MPRegen  0.10/turn              (no ring)

@: no status effects
A: no striking features
a: Renounce Religion


You were in the Dungeon.
You worshipped Vehumet.
Vehumet was most pleased with you.
You were not hungry.

You visited 1 branch

Inventory:

Hand Weapons
 b - a +2 quarterstaff
 j - a +2 vorpal falchion
 s - a +2 long sword of holy wrath
 t - a +0 quarterstaff of speed
Missiles
 p - 10 stones (quivered)
Armour
 a - a +0 robe (worn)
Magical Staves
 q - an uncursed staff of energy (weapon)
Scrolls
 i - a scroll of blinking
 l - 3 scrolls of remove curse
 m - 5 scrolls of amnesia
 n - a scroll of summoning
 o - 2 scrolls of vulnerability
Potions
 d - 6 potions of curing
 e - 6 potions of heal wounds
 f - a potion of haste
 g - 4 potions of magic
 h - 3 potions of berserk rage
 k - 2 potions of invisibility
Comestibles
 c - 9 rations
 r - 15 chunks of flesh


   Skills:
 + Level 2.9 Dodging
 + Level 2.6 Stealth
 + Level 3.1 Spellcasting
 + Level 1.9 Conjurations
 + Level 5.5 Fire Magic


You had 6 spell levels left.
You knew the following spells:

 Your Spells              Type           Power        Failure   Level  Hunger
a - Foxfire               Conj/Fire      ##..         1%          1    None
b - Magic Dart            Conj           #...         2%          1    None

Your spell library contained the following spells:

 Spells                   Type           Power        Failure   Level  Hunger
 Sandblast                Erth           #.....       5%          1    None
 Conjure Flame            Conj/Fire      ##......     3%          3    None
 Inner Flame              Hex/Fire       ##......     5%          3    None
 Sticky Flame             Conj/Fire      ##......     11%         4    None
 Fireball                 Conj/Fire      ##........   28%         5    None


Dungeon Overview and Level Annotations

Branches:
Dungeon (1/1)

Altars:
Ashenzari
Cheibriados
Dithmenos
Elyvilon
Fedhas
Gozag
Hepliaklqana
Kikubaaqudgha
Makhleb
Nemelex Xobeh
Okawaru
Qazlal
Ru
Sif Muna
Trog
Uskayaw
Vehumet
Wu Jian
Xom
Yredelemnul
Zin
The Shining One
Beogh
Jiyva
Lugonu


Message History

You start resting.
The ogre is too close now for your liking.
There is an open door here.
You see here an adder skeleton.
Casting: Magic Dart (safe; 2% risk of failure)
Confirm with . or Enter, or press ? or * to list all spells.
You conjure some foxfire!
The foxfire hits the ogre.
The ogre is lightly wounded.
Casting: Foxfire (safe; 1% risk of failure)
Confirm with . or Enter, or press ? or * to list all spells.
You conjure some foxfire!
The foxfire hits the ogre.
The ogre is moderately wounded.
The foxfire hits the ogre.
The ogre is heavily wounded.
Casting: Foxfire (safe; 1% risk of failure)
Confirm with . or Enter, or press ? or * to list all spells.
You conjure some foxfire!
The ogre hits you with a +0 giant club!
Ouch! That really hurt!
You die...

#....')))'.##......#..
##########.##.........
#...........'.........
#'#####'#####......#..
#.#..#O÷#..##.........
#.#..'.†÷..#####'#####
#.##÷####÷###.......#
#.#.Ovv.÷..##.......#
#.#..@.....##.......#
#.#####'#####...<...#
#.#...).)[.##.......#
#.#....))[.##.......#
#'###########.......#
#.. ######### #...
#...# #.##.


You could see an ogre.

Vanquished Creatures
  2 adders (D)
  A river rat (D)
  5 ball pythons (D)
  A bat (D)
  A quokka (D)
  A kobold (D)
11 creatures vanquished.

Vanquished Creatures (others)
  30 foxfires (D)
30 creatures vanquished.

Grand Total: 41 creatures vanquished

Notes
Turn   | Place    | Note
-------+----------+-------------------------------------------
     0 | D        | Cadaver the Human Fire Elementalist began the quest for the
                  | Orb.
     0 | D        | Reached XP level 1. HP: 13/13 MP: 3/3
    52 | D        | Reached skill level 4 in Fire Magic
    52 | D        | Reached XP level 2. HP: 10/19 MP: 0/5
   101 | D        | Found a glowing golden altar of the Shining One.
   101 | D        | Found a glowing silver altar of Zin.
   101 | D        | Found a basalt altar of Yredelemnul.
   101 | D        | Found a shimmering altar of Xom.
   101 | D        | Found an ornate altar of the Wu Jian Council.
   101 | D        | Found a bloodstained altar of Trog.
   101 | D        | Found a shimmering blue altar of Sif Muna.
   101 | D        | Found a sacrificial altar of Ru.
   101 | D        | Found a stormy altar of Qazlal.
   101 | D        | Found an iron altar of Okawaru.
   101 | D        | Found a sparkling altar of Nemelex Xobeh.
   101 | D        | Found a burning altar of Makhleb.
   101 | D        | Found a viscous altar of Jiyva.
   101 | D        | Found a hazy altar of Hepliaklqana.
   101 | D        | Found an opulent altar of Gozag.
   101 | D        | Found a blossoming altar of Fedhas.
   101 | D        | Found a white marble altar of Elyvilon.
   101 | D        | Found a shadowy altar of Dithmenos.
   101 | D        | Found a snail-covered altar of Cheibriados.
   102 | D        | Found a radiant altar of Vehumet.
   102 | D        | Found a corrupted altar of Lugonu.
   102 | D        | Found a roughly hewn altar of Beogh.
   103 | D        | Found a hide-covered altar of Uskayaw.
   103 | D        | Found an ancient bone altar of Kikubaaqudgha.
   103 | D        | Found a shattered altar of Ashenzari.
   111 | D        | Became a worshipper of Vehumet
   215 | D        | Reached * piety under Vehumet
   215 | D        | Offered knowledge of Magic Dart by Vehumet.
   215 | D        | Reached skill level 5 in Fire Magic
   215 | D        | Reached XP level 3. HP: 24/24 MP: 4/7
   305 | D        | Reached ** piety under Vehumet
   372 | D        | Learned a level 1 spell: Magic Dart
   375 | D        | Noticed an ogre
   397 | D        | Offered knowledge of Sandblast by Vehumet.
   397 | D        | Reached *** piety under Vehumet
   425 | D        | Slain by an ogre

Illustrated notes

Levels and vault maps discovered:
D:        pitsprint [storerooms_1, entrance_room_1, metal_vault_8, armoury_2,
          mini_pit_1, grid_room_1, main_hall_1, silver_pit, the_coven_3,
          the_vestibule_1, steel_vault_4, golden_pit, hallway_of_sentries,
          crystal_vault_5, iron_vault_5, final_vault]

Skill      XL: |  1  2  3 |
---------------+----------+-----
Fire Magic     | 4 5 |  5.5
Spellcasting   | 3 |  3.1
Dodging        | |  2.9
Stealth        | |  2.6
Conjurations   | |  1.9

Action                   || total
-------------------------++-------
Melee: Unarmed           ||     1
       Staff             ||     4
 Cast: Foxfire           ||    22
       Magic Dart        ||     1
Armor: Robe              ||     2
Dodge: Dodged            ||    18
